Cogmind - Beta 13 @@@ ROGUE MODE // 2024.07.13 @ 01:40:12 Player: APerTAS Result: Destroyed by B-75 Beast with Heavy Machine Gun Performance ------------- Evolutions (1) 500 Regions Visited (5) 1000 Robots Destroyed (23) 115 Value Destroyed (840) 840 Prototype IDs (3) 60 Alien Tech Used (0) 0 Bonus (944) 944 TOTAL SCORE: 3459 Bonus ------- Follower Combat Kills 344 Met Imprinter 300 Was Imprinted 300 Cogmind --------- Core Integrity 0/400 Matter 300/300 Energy 98/100 System Corruption 0% Temperature Cool (0) Movement Treading (160) Location -6/Proximity Caves Parts ------- > --- POWER (1) -------- (None) > --- PROPULSION (2) --- Medium Treads Medium Treads > --- UTILITY (4) ------ High-capacity Storage Unit Experimental Terrain Scan Processor > --- WEAPON (2) ------- Makeshift Spear > --- INVENTORY (20) --- Ion Engine Light Ion Engine Armored Treads Medium Treads Improved Heat Sink Particle Charger Improved Hacking Suite Hacking Drone Bay (1/1) EM Pulse Gun Particle Gun Assault Rifle Assault Rifle Heavy Assault Rifle Peak State ------------ > --- POWER ------------ Neutrino Core > --- PROPULSION ------- Medium Treads Medium Treads > --- UTILITY ---------- Improved Heat Sink High-capacity Storage Unit Experimental Terrain Scan Processor > --- WEAPON ----------- Riot Gun Makeshift Spear > --- INVENTORY -------- Ion Engine Light Ion Engine Light Treads Armored Treads Armored Treads Medium Treads Improved Heat Sink Particle Charger Improved Hacking Suite Hacking Drone Bay EM Pulse Gun Particle Gun Assault Rifle Assault Rifle Heavy Assault Rifle [Rating: 37] Favorites ----------- Power Makeshift Power Source Engine Makeshift Power Source Power Core Neutrino Core Propulsion Light Treads Treads Light Treads Utility Particle Charger Device Particle Charger Storage High-capacity Storage Unit Processor Experimental Terrain Scan Processor Weapon Makeshift Spear Energy Gun Advanced Beam Rifle Ballistic Gun Heavy Assault Rifle Launcher Grenade Launcher Piercing Weapon Makeshift Spear Build | -11 -10 -9 -9 -7 -6 ------- Run | Yrd Mat Mat Min Zio Pro Slots Evolved 2 | . . 2 . . . Power . | . . . . . . Propulsion . | . . . . . . Utility 2 | . . 2 . . . Weapon . | . . . . . . Parts Attached 39 | 7 3 14 . 6 9 Power 6 | 2 . 2 . 1 1 Engine 5 | 2 . 2 . 1 . Core 1 | . . . . . 1 Reactor . | . . . . . . Propulsion 10 | 2 . 2 . . 6 Treads 10 | 2 . 2 . . 6 Leg . | . . . . . . Wheel . | . . . . . . Hover . | . . . . . . Flight . | . . . . . . Utility 11 | 1 2 4 . 3 1 Device 6 | . 1 3 . 1 1 Storage 3 | 1 1 1 . . . Processor 2 | . . . . 2 . Hackware . | . . . . . . Protection . | . . . . . . Artifact . | . . . . . . Weapon 12 | 2 1 6 . 2 1 Energy Gun 7 | 1 . 4 . 1 1 Energy Cannon . | . . . . . . Ballistic Gun 3 | 1 . 2 . . . Ballistic Cannon . | . . . . . . Launcher 1 | . 1 . . . . Special Weapon . | . . . . . . Impact Weapon . | . . . . . . Slashing Weapon . | . . . . . . Piercing Weapon 1 | . . . . 1 . Special Melee Weapon . | . . . . . . Unidentified Prototypes 3 | . . 1 . 2 . Parts Lost 9 | . . 2 . . 7 Power 2 | . . 1 . . 1 Propulsion 1 | . . . . . 1 Utility 3 | . . . . . 3 Weapon 3 | . . 1 . . 2 Highest Loss Streak 4 | . . 2 . . 4 To Critical Strikes . | . . . . . . Average Slot Usage (%) 91 | . 94 76 77 92 93 Engine 10 | . 14 10 11 11 7 Treads 22 | . 28 22 22 22 21 Device 10 | . 8 10 11 11 9 Storage 11 | . 14 11 11 11 11 Processor 13 | . . . . 15 17 Energy Gun 6 | . . 12 11 5 10 Ballistic Gun 6 | . 14 7 11 7 . Piercing Weapon 7 | . . . . 9 11 Naked Turns . | . . . . . . Heaviest Build 60 | 14 21 53 53 53 60 Greatest Support 56 | 40 40 40 40 40 56 Greatest Overweight (x) 2 | . . 1 1 1 2 Average Overweight (x) . | . . . 1 1 . Largest Inventory Capacity 20 | 8 10 20 20 20 20 Average Capacity 18 | 6 8 11 20 20 20 Most Carried 15 | 3 4 7 6 11 15 Average Carried 8 | 1 3 5 6 9 11 Final Capacity 20 | 8 10 20 20 20 20 Final Carried 13 | 2 4 6 6 10 13 Class Distribution -------------------- 94% | Mutant 5% | Scavenger-Mutant Dominant Class ---------------- Mutant | -10/Materials Mutant | -9/Materials Mutant | -9/Mines Mutant | -7/Zion Mutant | -6/Proximity Caves Resources | -11 -10 -9 -9 -7 -6 ----------- Run | Yrd Mat Mat Min Zio Pro Matter Collected 782 | 187 177 268 . 60 90 Remotely 177 | . 177 . . . . Salvage Created 956 | . 203 356 . . 397 Parts 46 | . 13 18 . . 15 Haulers Intercepted 1 | . . 1 . . . Recyclers Shooed 1 | . . 1 . . . Parts Field Recycled . | . . . . . . Retrieved Matter . | . . . . . . Parts Self-Destructed 21 | . . . . . 21 Prevented 4 | . . . . . 4 Kills | -11 -10 -9 -9 -7 -6 ------- Run | Yrd Mat Mat Min Zio Pro Combat Hostiles Destroyed 17 | . 3 7 . . 7 Melee 6 | . . . . . 6 Guns 5 | . . 4 . . 1 AOE 6 | . 3 3 . . . Classes Destroyed 8 | . 4 4 . . . Builder 1 | . 1 . . . . Hauler 1 | . . 1 . . . Recycler 2 | . 1 1 . . . Operator 1 | . 1 . . . . Watcher 1 | . . 1 . . . Grunt 13 | . 3 4 . . 6 Duelist 1 | . . 1 . . . Sentry 3 | . . 2 . . 1 Best Kill Streak 5 | . 5 3 . . 3 Combat Bots Only 3 | . 2 3 . . 3 Max Kills in Single Turn 2 | . 2 1 . . 1 Gunslinging . | . . . . . . Exploded 1 | . 1 1 . . . Melee 1 | . . . . . 1 Uniques/NPCs Destroyed . | . . . . . . Combat | -11 -10 -9 -9 -7 -6 -------- Run | Yrd Mat Mat Min Zio Pro Hostile Shots Fired 112 | . 8 27 . . 77 Missed 35 | . 5 10 . . 20 Damage Taken 1854 | . 80 454 . . 1320 Core 451 | . 30 34 . . 387 Absorbed by Shields . | . . . . . . Regen/Repaired (Parts) 27 | . . . . 27 . Core Remaining (%) 94 | 100 88 . . . . Volleys Fired 48 | . 6 30 . 6 6 Largest 2 | . 2 2 . 1 1 Hottest 101 | . 50 101 . 61 61 Shots Fired 82 | . 12 58 . 6 6 Gun 69 | . 6 51 . 6 6 Cannon . | . . . . . . Launcher 13 | . 6 7 . . . Special . | . . . . . . Kinetic 24 | . 6 18 . . . Thermal 36 | . . 28 . 6 2 Explosive 13 | . 6 7 . . . Electromagnetic 9 | . . 5 . . 4 Robot Hit Streak 10 | . 5 10 . . 4 Robot Miss Streak 3 | . 3 3 . . 2 Penetration Max . | . . . . . . Secondary Targets . | . . . . . . Shots Hit Robots 63 | . 7 37 . . 19 Core Hits 39 | . 11 15 . . 13 Critical Kills . | . . . . . . Critical Parts Destroyed . | . . . . . . Critical Strikes 8 | . . 4 . . 4 Burn 4 | . . 4 . . . Impale 4 | . . . . . 4 Melee Attacks 39 | . . . . 11 28 Impact . | . . . . . . Slashing . | . . . . . . Piercing 39 | . . . . 11 28 Sneak Attacks . | . . . . . . Combat Hostiles . | . . . . . . Follow-up Attacks . | . . . . . . Damage Inflicted 1800 | . 337 957 . . 506 Guns 813 | . 42 694 . . 77 Cannons . | . . . . . . Explosions 558 | . 295 263 . . . Melee 429 | . . . . . 429 Ramming . | . . . . . . Kinetic 238 | . 42 196 . . . Thermal 483 | . . 483 . . . Explosive 558 | . 295 263 . . . Electromagnetic 92 | . . 15 . . 77 Impact . | . . . . . . Slashing . | . . . . . . Piercing 429 | . . . . . 429 Highest Corruption . | . . . . . . Average Corruption . | . . . . . . Corruption Purged . | . . . . . . Corruption Blocked . | . . . . . . Overload Shots . | . . . . . . Overflow Damage . | . . . . . . Projectiles . | . . . . . . Explosions . | . . . . . . Melee . | . . . . . . Knockbacks . | . . . . . . Impact . | . . . . . . Kinetic . | . . . . . . Secondary . | . . . . . . Self-Inflicted Damage 118 | . 38 80 . . . Shots 3 | . 1 2 . . . Rammed . | . . . . . . Targets Rammed . | . . . . . . Kicked . | . . . . . . Crushed . | . . . . . . Highest Temperature 201 | . 2 201 . 82 28 Average Temperature 48 | . 2 54 . 39 16 Received Heat Transfer 599 | . 21 102 . . 476 Siege Activations . | . . . . . . Robots Corrupted . | . . . . . . Combat Hostiles . | . . . . . . Parts Fried . | . . . . . . Impact Corruptions . | . . . . . . Robots Melted . | . . . . . . Combat Hostiles . | . . . . . . Parts Melted 1 | . . 1 . . . Heat Transferred 1073 | . . 1073 . . . Parts Sabotaged . | . . . . . . Parts Stolen . | . . . . . . Parts Stripped . | . . . . . . Power Chain Reactions . | . . . . . . Alert | -11 -10 -9 -9 -7 -6 ------- Run | Yrd Mat Mat Min Zio Pro Peak Influence 313 | . 181 313 79 . . Initial 79 | . . 76 79 . . Average 140 | . 70 187 79 . . Maximum Alert Level 1 | . . 1 . . . Low Security (%) 70 | 100 100 55 100 . . Level 1 29 | . . 44 . . . Level 2 . | . . . . . . Level 3 . | . . . . . . Level 4 . | . . . . . . Level 5 . | . . . . . . High Security . | . . . . . . Max Security . | . . . . . . Squads Dispatched 3 | . 1 2 . . . Investigation 2 | . 1 1 . . . Extermination . | . . . . . . Reinforcement 1 | . . 1 . . . Assault . | . . . . . . Garrison . | . . . . . . Intercept . | . . . . . . Searches Triggered . | . . . . . . Construction Impeded . | . . . . . . Haulers Reinforced . | . . . . . . Active Scanning Responses . | . . . . . . Cargo Convoy Interrupts . | . . . . . . Stealth | -11 -10 -9 -9 -7 -6 --------- Run | Yrd Mat Mat Min Zio Pro Distress Signals 3 | . 1 2 . . . Communications Jammed . | . . . . . . Distress Signals . | . . . . . . Times Spotted 41 | . 6 12 . . 23 Peak Tracking Total 7 | . 2 3 . . 7 Tactical Retreats 4 | . . 1 . . 3 Traps | -11 -10 -9 -9 -7 -6 ------- Run | Yrd Mat Mat Min Zio Pro Traps Triggered 1 | . . 1 . . . Indirectly . | . . . . . . Trap Hack Attempts . | . . . . . . Triggered . | . . . . . . Disarmed . | . . . . . . Reprogrammed . | . . . . . . Reused . | . . . . . . Traps Extracted . | . . . . . . Installed . | . . . . . . Triggered . | . . . . . . Machines | -11 -10 -9 -9 -7 -6 ---------- Run | Yrd Mat Mat Min Zio Pro Machines Disabled 3 | . . 2 . 1 . Max in Single Turn 1 | . . 1 . 1 . Machines Repaired . | . . . . . . Machines Dismantled . | . . . . . . Machines Sabotaged . | . . . . . . Overloaded Fab Kills . | . . . . . . Hacking | -11 -10 -9 -9 -7 -6 --------- Run | Yrd Mat Mat Min Zio Pro Machines Accessed 3 | . 2 1 . . . Terminals 1 | . 1 . . . . Fabricators . | . . . . . . Repair Stations 1 | . 1 . . . . Recycling Units 1 | . . 1 . . . Scanalyzers . | . . . . . . Garrison Access . | . . . . . . Total Hacks 8 | . 6 2 . . . Successful 4 | . 3 1 . . . Failed 4 | . 3 1 . . . Catastrophic . | . . . . . . Database Lockouts . | . . . . . . Manual 5 | . 1 3 . 1 . Terminals 3 | . 3 . . . . Fabricators . | . . . . . . Repair Stations 3 | . 3 . . . . Recycling Units 2 | . . 2 . . . Scanalyzers . | . . . . . . Garrison Access . | . . . . . . Terminal Hacks 1 | . 1 . . . . Zone Layout 1 | . 1 . . . . Fabricator Hacks . | . . . . . . Repair Station Hacks 2 | . 2 . . . . Scan Component 2 | . 2 . . . . Recycling Unit Hacks . | . . . . . . Scanalyzer . | . . . . . . Garrison Access Hacks . | . . . . . . Unauthorized Hacks 1 | . . 1 . . . Terminals . | . . . . . . Fabricators . | . . . . . . Repair Stations . | . . . . . . Recycling Units 1 | . . 1 . . . Reject 1 | . . 1 . . . Scanalyzers . | . . . . . . Garrison Access . | . . . . . . Data Cores Recovered 1 | . 1 . . . . Used . | . . . . . . Hacking Detections 2 | . 2 . . . . Full Trace Events 2 | . 2 . . . . Feedback Events . | . . . . . . Feedback Blocked . | . . . . . . Robot Schematics Acquired 3 | . . . . 3 . Robots Built . | . . . . . . Authchips . | . . . . . . Time . | . . . . . . Total Robot Build Rating . | . . . . . . Part Schematics Acquired 14 | . . . . 14 . Parts Built . | . . . . . . Authchips . | . . . . . . Time . | . . . . . . Total Part Build Rating . | . . . . . . Parts Repaired . | . . . . . . Time . | . . . . . . Parts Recycled . | . . . . . . Recycled Matter . | . . . . . . Retrieved Matter . | . . . . . . Retrieved Components . | . . . . . . Parts Scanalyzed . | . . . . . . Part Schematics Acquired . | . . . . . . Parts Damaged . | . . . . . . Bothacking | -11 -10 -9 -9 -7 -6 ------------ Run | Yrd Mat Mat Min Zio Pro Used RIF Installer . | . . . . . . Robots Hacked . | . . . . . . Non-combat . | . . . . . . Combat . | . . . . . . Robot Hacks Applied . | . . . . . . Relay Couplers Released . | . . . . . . Fabnet Peak Effective % . | . . . . . . Robots Rewired . | . . . . . . Allies Hacked . | . . . . . . Hacks Repelled . | . . . . . . Allies | -11 -10 -9 -9 -7 -6 -------- Run | Yrd Mat Mat Min Zio Pro Total Allies 9 | . . . . 9 . Largest Group 9 | . . . . 9 8 Highest-Rated Group 306 | . . . . 306 292 Highest-Rated Ally 51 | . . . . 51 51 Total Orders . | . . . . . . Ally Attacks 74 | . . . . . 74 Total Damage 1386 | . . . . . 1386 Kills 16 | . . . . . 16 Allies Corrupted 1 | . . . . . 1 Allies Melted . | . . . . . . Intel | -11 -10 -9 -9 -7 -6 ------- Run | Yrd Mat Mat Min Zio Pro Robot Analysis Total . | . . . . . . Derelict Logs Recovered 3 | . . . . 2 1 Drone Launches . | . . . . . . Drone Recoveries . | . . . . . . Exploration | -11 -10 -9 -9 -7 -6 ------------- Run | Yrd Mat Mat Min Zio Pro Turns Passed 6718 | 119 276 772 5 4582 964 Spaces Moved 2851 | 81 155 366 3 1881 365 Core 23 | 23 . . . . . Treads 2828 | 58 155 366 3 1881 365 Legs . | . . . . . . Wheels . | . . . . . . Hover . | . . . . . . Flight . | . . . . . . Fastest Speed 50 | 50 160 160 240 240 160 Average Speed 223 | 128 160 172 240 240 238 Slowest Speed 320 | 160 160 240 240 240 320 Overloaded Moves . | . . . . . . Propulsion Burnouts . | . . . . . . Robots Hopped . | . . . . . . Cave-ins Triggered . | . . . . . . Exploration Rate (%) 33 | 5 29 29 3 91 46 Regions Visited 5 Branch Regions 3 Pre-discovered Areas . | . . . . . . Known Exits Taken . | . . . . . . Unknown Exits Taken 5 | 1 1 1 1 1 . Scrap Searched 2 | . . . . 2 . Spaces Dug 7 | . . 7 . . . Terrain Destroyed 83 | . 51 32 . . . Melee . | . . . . . . Projectile . | . . . . . . AOE 83 | . 51 32 . . . Terrain Rammed . | . . . . . . Walls Destroyed . | . . . . . . Machines Disabled . | . . . . . . Actions | -11 -10 -9 -9 -7 -6 --------- Run | Yrd Mat Mat Min Zio Pro Total 3070 | 95 171 449 2 1933 420 Wait 48 | . 2 24 . 22 . Move 2846 | 80 154 365 2 1880 365 Hop . | . . . . . . Pick Up 37 | 8 4 10 . 6 9 Fast Attach . | . . . . . . Attach 21 | 6 1 7 . 4 3 Detach 3 | . . 1 . 2 . Swap 18 | 1 2 7 . 2 6 Drop 10 | . 2 5 . . 3 Fire 48 | . 6 30 . 6 6 Melee 39 | . . . . 11 28 Ram . | . . . . . . Kick . | . . . . . . Crush . | . . . . . . Escape Stasis . | . . . . . . Rewire . | . . . . . . Trap . | . . . . . . Miscellaneous . | . . . . . . Route ------- -11/Scrapyard -10/Materials -9/Materials -9/Mines -7/Zion (discovered 2 exits: Dee / [*Pro]) -6/Proximity Caves History --------- Turn | Location | Event 38 | -11/Scrapyard | Discovered new exit (range 15) 120 | -11/Scrapyard | Entered Materials 303 | -10/Materials | Build established: Mutant 388 | -10/Materials | Discovered new exit (range 5) 396 | -10/Materials | Entered another Materials area 396 | -9/Materials | Evolved 2 slots: Utility x2 1144 | -9/Materials | Discovered new exit (range 9) 1168 | -9/Materials | Entered Mines 1169 | -9/Mines | A Derelict revealed a hidden shortcut to a safe place 1173 | -9/Mines | Entered Zion 1469 | -7/Zion | Learned Factory emergency access door positions 2062 | -7/Zion | Gained Derelict followers 2115 | -7/Zion | Learned 8 Factory zone layouts 2149 | -7/Zion | Identified exit to Deep Caves 2182 | -7/Zion | Found Prototype Processor 2183 | -7/Zion | Identified Exp. Terrain Scan Processor 2357 | -7/Zion | Given the Hacking Drone Bay 2367 | -7/Zion | Found Prototype Device 2373 | -7/Zion | Identified Hacking Drone Bay 2440 | -7/Zion | Learned Factory terminal intel 4834 | -7/Zion | Imprinted 4836 | -7/Zion | Declared Zion's savior 5386 | -7/Zion | Discovered new exit (range 13) 5755 | -7/Zion | Entered Proximity Caves 5755 | -6/Proximity Caves | Accompanied by 9 allies 5757 | -6/Proximity Caves | Spotter reported a threat 6249 | -6/Proximity Caves | Learned Factory interactive machine intel 6305 | -6/Proximity Caves | Attracted the attention of an 0b10 base 6367 | -6/Proximity Caves | Lost 4 allies 6378 | -6/Proximity Caves | Lost 4 parts (1n2u1w) 6553 | -6/Proximity Caves | Core integrity fell below 50% 6577 | -6/Proximity Caves | Core integrity fell below 20% 6654 | -6/Proximity Caves | Build established: Scavenger-Mutant 6710 | -6/Proximity Caves | Spotted B-75 Beast 6719 | -6/Proximity Caves | Destroyed by B-75 Beast with Heavy Machine Gun Last Messages --------------- G-50 Soldier destroyed. Critical hit (Burn: +37). Hvy. Laser fries itself beyond repair. Carbon-fiber Leg fries itself beyond repair. G-67 Veteran suffers critical hit (Impale). G-67 Veteran destroyed. Lgt. Angular Momentum Engine fries itself beyond repair. Hvy. Laser fries itself beyond repair. Flexi-carbon Leg fries itself beyond repair. Field Laser fries itself beyond repair. G-50 Soldier misfires. G-50 Soldier destroyed. Corrupted Carbon-fiber Leg self-destruct mechanism malfunctions. Acquired 10 matter. Riot Gun destroyed. Neutrino Core destroyed. Imp. Heat Sink destroyed. Map ----- +----------------------------------------------------+ | ?????????????????????????????????????????????????? | | ?????????????????????????????????????????????????? | | ?????????????????????????????????????????????????? | | ?????????????????????????????????????????????????? | | ?????????????????????????????????????????????????? | | ?????????????????????????????????????????????????? | | ?????????????????????????????????????????????????? | | ?????????????????????????????????????????????????? | | ?????????????????????????????????????????????????? | | ?????????????????????????????????????????????????? | | ??????????????????????? ???????????????????????? | | ????????????????????? ???????????????????????? | | ????????????????????? ???????????????????????? | | ???????????????? #??? ???????????????????????? | | ??????????????? #?? ####???????????????????? | | ???????????????? #?# #???????????????????? | | ????????????????? ## ????????????????????? | | ?????????????????? BB ????????????????????? | | ??????????????????? BB ????????????????????? | | ???# ??????????????? ?????????????????????? | | # ???????????????? ?????????????????????? | | ? ????????????#???# ;#?????????????????????? | | ? ??????????? #???# ##????????????????????? | | ?? ?????????? #???# #????????????????????? | | ?? ?????????# #???# #????????????????????? | | ??# ??????### #???# @ #????????????????????? | | ?## #????# #????# ;#????????????????????? | | ?# #???? #?????### ;##????????????????????? | | ?# #??## ##??????# %##?????????????????????? | | ?# ##?# #?##??## ##????????????????????? | | ?# ### ### ### ### #????????????????????? | | ?# ###?# ?# ##???????????????????? | | ?## ##?## ### ##??????????????????? | | ??## ### ## ;## ##?????????????????? | | ?### ## ##?## ##????????????????? | | ## #? ####### #?????#####??????? | | #?? ### ##??### #??????? | | ##% #?### #### #??????? | | ## ##???## #???????? | | ## ##????## ##???????? | | % ###???## ## ##????????? | | ## %% ##????# #?### ## ##?????????? | | ?## ###### ##### ### #??????????? | | ??# #### "## #####??????????? | | ### #### "" #?????????????? | | # # ### % ####+###### #?????????????? | | # #####" #" "??# ##?????????????? | | ## ##?#"" #" "??# ###??????????????? | | ?## ##### #" %[ """# ##????????????????? | | ?## ### #"*% ! + #?????????????????? | +----------------------------------------------------+ Best States ------------- Heat Dissipation 42 Energy Generation 19 Energy Capacity 315 Matter Stores 300 Matter Capacity 300 Sight Range 16 Terrain Scan Density 1010 Evasion (%) 40 Melee Accuracy 5 Recoil Reduction 2 Particle Charging 15 Item Schematics ----------------- Focal Shield | -7/Zion | Archive Imp. EM Pulse Cannon | -7/Zion | Archive Gravmag System | -7/Zion | Archive Thermal Shield | -7/Zion | Archive Great Axe | -7/Zion | Archive Flexi-carbon Leg | -7/Zion | Archive Weapon Cycler | -7/Zion | Archive Adv. Trap Extractor | -7/Zion | Archive Imp. Recalibrator | -7/Zion | Archive Remote Datajack | -7/Zion | Archive Matter Compressor | -7/Zion | Archive Mak. Light Armor Plating | -7/Zion | Archive Mak. Hover Unit | -7/Zion | Archive Hpw. Shock Rifle | -7/Zion | Archive Robot Schematics ------------------ L-41 Fighter | -7/Zion | Archive T-07 Excavator | -7/Zion | Archive K-01 Serf | -7/Zion | Archive Fabricated ------------ Nothing Alien Tech Used ----------------- None Achievements -------------- Use The Force Challenges ------------ None Game ------ Seed AblativeTargetCanceller Manual? 0 Play Time 00:36:14 Cumulative 14.0 hours Start 2024.07.13 @ 01:00:22 End 2024.07.13 @ 01:40:12 Sessions 1 Manual Loads 0 Difficulty Rogue Special Mode None Game No. 40 Rogue 40 Adventurer 0 Explorer 0 Win Type - Total 0 Types 0/0/0/0/0/0/0/0/0 Lore% 21 Gallery% 20 Achievement% 17 Wizard Run 0 Options --------- Layout 1 ASCII 0 Keyboard 0 Movement Arrows Keybinds 0 Fullscreen 1 Font 28/Dina Map View 50x43 Zoom Use 0% Tactical HUD 0 Map Filters NONE Filters NONE Steam 1 RUN: 968402b6-8125-49ed-963c-673843b57222